 Dungeon Crawl Stone Soup version 0.20-a0-927-g1ae2c61 (webtiles) character file.

0 4thArraOfDagon the Bolt Thrower (level 1, -5/16 HPs)
             Began as a Mummy Hunter on Mar 29, 2017.
             Slain by an iguana (13 damage)
             ... on level 4 of the Dungeon.
             The game lasted 00:01:08 (207 turns).

4thArraOfDagon the Bolt Thrower (Mummy Hunter)       Turns: 207, Time: 00:01:09

Health: -5/16      AC:  3    Str: 15    XL:     1   Next: 8%
Magic:  1/1        EV: 11    Int: 10    God:
Gold:   35         SH:  0    Dex: 12    Spells: 0/0 levels left

rFire    x . .     SeeInvis .   a - +1 hand crossbow
rCold    + . .     Gourm    .   (no shield)
rNeg     + + +     Faith    .   c - +0 leather armour
rPois    ∞         Spirit   .   (no helmet)
rElec    .         Reflect  .   (no cloak)
rCorr    .         Harm     .   (no gloves)
MR       .....                  (no boots)
Stlth    +.........             (no amulet)
Regen    0.1/turn               (no ring)
MPRegen  0.1/turn               (no ring)

@: no status effects
A: no food or potions, fire vulnerability, cold resistance 1, negative energy
resistance 3, torment resistance, unbreathing
a: no special abilities


You were on level 4 of the Dungeon.
You were not hungry.

You visited 2 branches of the dungeon, and saw 5 of its levels.

You collected 35 gold pieces.

Inventory:

Hand Weapons
 a - a +1 hand crossbow (weapon)
 b - a +0 short sword
Missiles
 d - 14 bolts (quivered)
Armour
 c - a +0 leather armour (worn)
Wands
 e - a wand of random effects (21/48)


   Skills:
 - Level 2.0 Fighting
 * Level 3.3 Crossbows
 - Level 1.5 Dodging
 - Level 0.7 Stealth


You couldn't memorise any spells.
You didn't know any spells.

Dungeon Overview and Level Annotations

Branches:
Dungeon (4/15)             Temple (1/1) D:4

Altars:
Cheibriados
Elyvilon
Gozag
Ru


Innate Abilities, Weirdness & Mutations

You do not eat or drink.
Your flesh is vulnerable to fire.
You are immune to poison.
Your flesh is cold resistant. (rC+)
You are immune to negative energy. (rN+++)
You are immune to unholy pain and torment.
You can survive without breathing.


Message History

The puff of frost hits the iguana.
The iguana appears unharmed.
The iguana is severely wounded.
Evoking this partially-identified wand wasted a few charges.
The iguana bites you but does no damage.
Unknown command.
Evoke which item? (* to show all) (? for menu, Esc to quit)
Aiming: Random Effects (will waste charges)
Press: ? - help, Shift-Dir - straight line, f/p - iguana
Aim: an iguana (severely wounded)
The puff of frost hits the iguana.
The iguana is almost dead.
Evoking this partially-identified wand wasted a few charges.
The iguana bites you but does no damage.
Unknown command.
Firing (i - inventory):
d - 15 bolts (quivered)
Press: ? - help, Shift-Dir - straight line, f/p - iguana
Aim: an iguana (almost dead)
You shoot a bolt. The bolt barely misses the iguana.
The iguana bites you!
Ouch! That really hurt!
You die...

#............#
##+##.....(......#
..........(......#
.................#
..........(......#
.................#
.........!.......#
###+#.....l......#
#.....@......#
+............#
#............#
##+##.....########
###...#....P.#
.....#.PPPPP#
...#..P>..#######
######'#...PPP......#
#...................#


You could see an iguana.

Vanquished Creatures
  A frilled lizard (D:2)
1 creature vanquished.

Notes
Turn   | Place    | Note
-------+----------+-------------------------------------------
     0 | D:1      | 4thArraOfDagon the Mummy Hunter began the quest for the Orb.
     0 | D:1      | Reached XP level 1. HP: 16/16 MP: 1/1
    85 | D:4      | Found a staircase to the Ecumenical Temple.
    97 | Temple   | Entered the Ecumenical Temple
   189 | D:4      | Noticed an iguana
   207 | D:4      | Slain by an iguana

Vault maps used:
D:1:      minmay_arrival_cross, serial_co_window_serial, co_window_paths_b,
          co_window_of_opportunity_a, co_window_corner_a,
          co_window_of_opportunity_a, co_window_corner_a, co_window_broadway_a,
          co_window_paths_c, co_window_broadway_a, co_window_broadway_a,
          co_window_corner_ca, co_window_2corner, co_window_paths_d,
          glass_columns_a, glass_columns_a, glass_columns_a, glass_columns_c,
          minmay_misc_feat_alley
D:2:      marbit_many_paths, old_standard_altar, first_bread, fedhas_altar_3,
          uniq_crazy_yiuf_cottage, uniq_robin
D:3:      overflow_temple_1_default, overflow_temple_1_default,
          overflow_temple_1_default, chequers_ecumenical_altar_grove,
          uniq_sigmund
D:4:      lemuel_crystal_altar, minmay_temple_entry_overgrown,
          gup_sewer_entry_pipe, serial_park_tiny_1
Temple:   dpeg_chambers_temple

Action                   || total
-------------------------++-------
 Fire: Hand crossbow     ||     8
Evoke: Wand              ||     2
  Use: Scroll            ||     2
Armor: Leather armour    ||     2
